 Dungeon Crawl Stone Soup version 0.21-a0-529-g8c7b3f5 (webtiles) character file.

122 Beatriz the Skirmisher (level 4, 0/37 HPs)
             Began as a Demonspawn Abyssal Knight on Dec 11, 2017.
             Was a Believer of Lugonu.
             Slain by a frilled lizard (2 damage)
             ... on level 2 of the Dungeon.
             The game lasted 00:02:08 (539 turns).

Beatriz the Skirmisher (Demonspawn Abyssal Knight)   Turns: 539, Time: 00:02:09

Health: 0/37       AC: 11    Str: 13    XL:     4   Next: 78%
Magic:  6/6        EV:  3    Int: 16    God:    Lugonu [**....]
Gold:   7          SH:  0    Dex: 14    Spells: 3/3 levels left

rFire    . . .     SeeInvis .   a - +1 hand axe
rCold    . . .     Gourm    .   (no shield)
rNeg     . . .     Faith    .   d - +0 plate armour
rPois    .         Spirit   .   (helmet restricted)
rElec    .         Reflect  .   (no cloak)
rCorr    .         Harm     .   (no gloves)
MR       +....                  (no boots)
Stlth    ..........             (no amulet)
HPRegen  0.12/turn              (no ring)
MPRegen  0.10/turn              (no ring)

@: lethally poisoned (0 -> -4), slowed, very slow
A: antennae 1, claws 1, agile 1, clever 1, magic resistance 1
a: Depart the Abyss, Bend Space, Renounce Religion


You were on level 2 of the Dungeon.
You worshipped Lugonu.
Lugonu was pleased with you.
You were not hungry.

You visited 1 branch of the dungeon, and saw 2 of its levels.
You visited the Abyss 1 time.

You collected 7 gold pieces.

Inventory:

Hand Weapons
 a - a +1 hand axe (weapon)
Armour
 d - a +0 plate armour (worn)
Scrolls
 b - 3 scrolls of identify {unknown}
 f - 2 scrolls of remove curse {unknown}
 g - a scroll of immolation {unknown}
 h - a scroll of magic mapping {unknown}
 k - a scroll of enchant armour {unknown}
Comestibles
 c - a bread ration
 i - 4 fruits
 j - a meat ration


   Skills:
 + Level 4.2 Fighting
 + Level 2.5 Axes
 + Level 2.9 Armour
 + Level 0.9 Dodging
 + Level 2.9 Invocations


You had 3 spell levels left.
You didn't know any spells.

Dungeon Overview and Level Annotations

Branches:
Dungeon (2/15)

Altars:

Annotations:
D:2 Jessica, Natasha


Innate Abilities, Weirdness & Mutations

You have sharp fingernails.
You have a pair of small antennae on your head.
You are agile. (Dex +2)
Your mind is acute. (Int +2)
You are resistant to hostile enchantments. (MR+)


Message History

* * * LOW HITPOINT WARNING * * *
The iron imp barely misses you. Jessica hits you but does no damage.
You slash the worm!
The worm is almost dead.
You closely miss something.
Your plate armour prevents you from hitting the worm.
Your plate armour prevents you from hitting Jessica.
Your plate armour prevents you from hitting the iron imp.
Your plate armour prevents you from hitting the frilled lizard.
You feel sick.
Jessica is no longer moving quickly.
Jessica mumbles some strange words.
Jessica blinks!
Something completely misses you.
The frilled lizard bites you but does no damage.
The worm bites you.
* * * LOW HITPOINT WARNING * * *
Something claws you!
* * * LOW HITPOINT WARNING * * *
The iron imp hits you but does no damage.
The worm bites you but does no damage. The frilled lizard bites you.
You die...

#..........>....
#...............
...............#
.......#......##
%......#.......(
...............#
........5......#
......5{wl....#
......(w@#...##
.......ยง5# .##
........@. #
.........##
........##
........#
#(##.##.# #. #.


You could see 2 worms, an iron imp, a crimson imp, a white imp, Jessica and a
frilled lizard.

Vanquished Creatures
  An eye of draining (Abyss:2)
  An adder (D:2)
  A dart slug (D:1)
  A bat (D:1)
  A giant cockroach (D:1)
  7 goblins
  2 hobgoblins (D:1)
  2 jackals (D:1)
  A frilled lizard (D:2)
  2 kobolds
  2 rats (D:1)
21 creatures vanquished.

Notes
Turn   | Place    | Note
-------+----------+-------------------------------------------
     0 | Abyss:1  | Beatriz the Demonspawn Abyssal Knight began the quest for the Orb.
     0 | Abyss:1  | Reached XP level 1. HP: 18/18 MP: 2/2
    56 | Abyss:2  | Noticed an eye of draining
    73 | Abyss:2  | Killed an eye of draining
    73 | Abyss:2  | Reached skill level 4 in Fighting
    73 | Abyss:2  | Gained mutation: You have sharp fingernails. [demonic ancestry]
    73 | Abyss:2  | Reached XP level 2. HP: 25/25 MP: 0/4
    73 | Abyss:2  | Reached XP level 3. HP: 30/30 MP: 0/5
    73 | Abyss:2  | Reached XP level 4. HP: 37/37 MP: 0/6
    75 | Abyss:2  | Noticed a great orb of eyes
    75 | Abyss:2  | Paralysed by a great orb of eyes for 2 turns
    80 | D:1      | Escaped the Abyss
   519 | D:2      | Noticed Natasha
   522 | D:2      | Noticed Jessica
   526 | D:2      | Reached ** piety under Lugonu
   532 | D:2      | Gained mutation: You are agile. (Dex +2) [potion of mutation]
   532 | D:2      | Gained mutation: You have a pair of small antennae on your head. [potion of mutation]
   532 | D:2      | Gained mutation: Your mind is acute. (Int +2) [potion of mutation]
   532 | D:2      | Gained mutation: You are resistant to hostile enchantments. (MR+) [potion of mutation]
   539 | D:2      | Slain by a frilled lizard

Vault maps used:
D:1:      mainiacjoe_arrival_reflecting_pool
D:2:      dancing_weapons_uskayaw, first_bread, uniq_natasha, uniq_jessica

Skill      XL: |  1 |
---------------+----+-----
Fighting       | 4 |  4.2
Axes           | 2 |  2.5
Armour         | 2 |  2.9
Dodging        | |  0.9
Invocations    | |  2.9

Action                   |  1- 3 |  4- 6 || total
-------------------------+-------+-------++-------
Melee: Hand axe          |    16 |    47 ||    63
  Use: Potion            |       |     3 ||     3
Armor: Plate armour      |       |    93 ||    93
Dodge: Dodged            |       |    22 ||    22

Table legend:
 A = Spawn XP
 B = Non-spawn XP
 C = Spawn XP percentage of total XP
 D = Spawn monster count
 E = Non-spawn monster count
 F = Spawn count percentage of total count
 G = Total turns spent on level
                    A         B        C        D         E        F      G
               +---------+---------+-------+---------+---------+-------+---------
         Total |     127 |      48 |  72.6 |       1 |      20 |   4.8 |   539
               +---------+---------+-------+---------+---------+-------+---------
           D:1 |       0 |      29 |   0.0 |       0 |      15 |   0.0 |   439
           D:2 |       0 |      19 |   0.0 |       0 |       5 |   0.0 |    20
       Abyss:2 |     127 |       0 | 100.0 |       1 |       0 | 100.0 |    60
               +---------+---------+-------+---------+---------+-------+---------
